 Dungeon Crawl Stone Soup version 0.30-a0-739-gea05faddec (webtiles) character file.

Game seed: 6198817669995686969

113 Leeroy the Slasher (level 4, 0/23 HPs)
             Began as a Vine Stalker Warper on Feb 4, 2023.
             Succumbed to a kobold's poison
             ... on level 2 of the Dungeon.
             The game lasted 00:02:10 (1029 turns).

Leeroy the Slasher (Vine Stalker Warper)            Turns: 1029, Time: 00:02:11

Health: 0/23       AC:  4    Str: 12 (14) XL:     4   Next: 96%
Magic:  5/8        EV: 11    Int: 12 (13) God:
Gold:   198        SH:  0    Dex: 13 (15) Spells: 7/7 levels left

rFire   . . .      SeeInvis .    a - +0 falchion
rCold   . . .      Faith    .    (no shield)
rNeg    . . .      Spirit   +    b - +0 leather armour
rPois   .          Reflect  .    (no helmet)
rElec   .          Harm     .    j - +0 cloak
rCorr   .          Rampage  .    (no gloves)
Will    .....                    (no boots)
Stlth   +                        (no amulet)
HPRegen 1.03/turn                (no ring)
MPRegen 0.11/turn                (no ring)

@: lethally poisoned (0 -> -10)
A: fangs 2, regeneration 1, magic shield, antimagic bite, no potion heal 2
a: no special abilities


You were on level 2 of the Dungeon.
You visited 1 branch of the dungeon, and saw 2 of its levels.

You collected 198 gold pieces.

Inventory:

Hand Weapons
 a - a +0 falchion (weapon)
Missiles
 d - 7 boomerangs of dispersal (quivered)
 f - 5 boomerangs
Armour
 b - a +0 leather armour (worn)
 j - a +0 cloak (worn)
Scrolls
 c - a scroll of blinking
 i - a scroll of fog {unknown}
 k - a scroll of identify {unknown}
 n - a scroll of teleportation {unknown}
Potions
 e - a potion of ambrosia {unknown}
 g - a potion of haste {unknown}
 h - a potion of might {unknown}
 l - a potion of cancellation {unknown}
 m - a potion of degeneration
 o - a potion of curing {unknown}


   Skills:
 - Level 1.7 Fighting
 + Level 4.5 Long Blades
 - Level 0.8 Throwing
 - Level 0.7 Armour
 - Level 1.5 Dodging
 - Level 2.1 Spellcasting
 - Level 3.0 Translocations


You had 7 spell levels left.
You didn't know any spells.
Your spell library contained the following spells:

 Spells                   Type           Power      Damage    Failure   Level
 Blink                    Tloc           16%        N/A       16%         2
 Lesser Beckoning         Tloc           16%        N/A       16%         2
 Teleport Other           Tloc           8%         N/A       30%         3
 Vhi's Electric Charge    Tloc/Air       8%         N/A       50%         3
 Manifold Assault         Tloc           8%         N/A       69%         4


Dungeon Overview and Level Annotations

Branches:
Dungeon (2/15)

Altars:
Trog


Innate Abilities, Weirdness & Mutations

You have extremely sharp teeth.
Your natural rate of healing is unusually fast.
When hurt, damage is shared between your health and your magic reserves.
Your bite disrupts and absorbs the magic of your enemies.
Potions cannot restore your health.


Message History

You kill the iguana!
The bat hits you but does no damage. The adder bites you.
You are poisoned.
The adder poisons you! The adder closely misses you.
You closely miss the adder.
You feel sick.
The hobgoblin hits you but does no damage.
The adder bites you.
You hit the adder. Your bite misses the adder.
The adder is lightly wounded.
You feel sick. The adder misses you. The hobgoblin misses you.
The adder barely misses you.
You slash the adder! You bite the adder.
You kill the adder!
You feel sick. The bat hits you but does no damage. The hobgoblin hits you.
You hit the hobgoblin.
You kill the hobgoblin!
You feel sick. The bat hits you but does no damage.
The kobold hits you with a +1 dagger of venom.
You are more poisoned.
You are too injured to fight recklessly!
You are too injured to fight recklessly!
You are too injured to fight recklessly!
You are too injured to fight recklessly!
You are too injured to fight recklessly!
You are too injured to fight recklessly!
You are too injured to fight recklessly!
You closely miss the kobold. Your bite misses the kobold.
You feel very sick. The bat hits you but does no damage.
The kobold hits you with a +1 dagger of venom.
You are lethally poisoned!
You slash the kobold!
You kill the kobold!
* * * LOW HITPOINT WARNING * * *
You feel very sick. The bat hits you but does no damage.
It was a potion of degeneration.
There was something very wrong with that liquid.
You feel weakened.
You feel dopey.
You feel clumsy.
You die...

##.# ....... #######.#.#
#....#. #...#.....#
#...... #...+.. #.#
#...... #...#.#
#.###......
#.....###.....#.._.
##.......####.....
#..#.###.#........
#@...###.#.##.....
......)†##.......##.....
#...?..b##..............
[...>............#.#.###
................##.#'###
........#.......##......
!.......##.########.....
........##.########.....
#..............


You could see a bat.

Vanquished Creatures
  An iguana (D:2)
  2 adders (D:2)
  4 dart slugs (D:1)
  5 bats
  4 endoplasms
  13 giant cockroaches
  3 goblins
  2 hobgoblins
  6 jackals (D:1)
  A quokka (D:1)
  3 ball pythons (D:1)
  3 frilled lizards (D:1)
  A kobold (D:2)
  7 rats
55 creatures vanquished.

Notes
Turn   | Place    | Note
-------+----------+-------------------------------------------
     0 | D:1      | Leeroy the Vine Stalker Warper began the quest for the Orb.
     0 | D:1      | Reached XP level 1. HP: 11/11 MP: 4/4
    21 | D:1      | Reached skill level 2 in Long Blades
    29 | D:1      | Reached XP level 2. HP: 3/15 MP: 3/6
   124 | D:1      | Found a faded altar of an unknown god.
   253 | D:1      | Reached skill level 3 in Long Blades
   259 | D:1      | Reached XP level 3. HP: 15/18 MP: 3/7
   653 | D:1      | You fall into a shaft and drop 1 floor!
   653 | D:2      | Found a bloodstained altar of Trog.
   734 | D:2      | Gained mutation: Your natural rate of healing is unusually
                  | fast. [Vine Stalker growth]
   734 | D:2      | Reached XP level 4. HP: 23/23 MP: 8/8
   990 | D:2      | Reached skill level 4 in Long Blades
  1029 | D:2      | Succumbed to a kobold's poison

Illustrated notes

Levels and vault maps discovered:
D:1:      dpeg_arrival_simpleton_b, layout_rooms,
          shapermc_ecumenical_altar_venn, minmay_liquid_box, minmay_hexomino_p4
D:2:      minmay_roachtagon, layout_basic, basic_altar, grunt_ministairs_14

Skill      XL: |  1  2  3  4 |
---------------+-------------+-----
Long Blades    | 2 3 4 |  4.5
Fighting       | |  1.7
Throwing       | |  0.8
Armour         | |  0.7
Dodging        | |  1.5
Spellcasting   | |  2.1
Translocations | |  3.0

Action                     |  1- 3 |  4- 6 || total
---------------------------+-------+-------++-------
  Melee: Falchion          |   116 |    46 ||   162
         Bite              |    29 |    14 ||    43
         Punch             |     1 |       ||     1
    Use: Potion            |       |     1 ||     1
 Armour: Leather armour    |    50 |    28 ||    78
  Dodge: Dodged            |    93 |    31 ||   124

Table legend: (Time is in decaauts)
 A = Elapsed time spent in this place.
 B = Non-inter-level travel time spent in this place.
 C = Inter-level travel time spent in this place.
 D = Time resting spent in this place.
 E = Time spent auto-exploring this place.
 F = Levels seen in this place.
 G = Mean time per level.
                   A        B        C        D        E       F      G
               +--------+--------+--------+--------+--------+-----+--------+
         Total |   1051 |   1011 |     40 |      0 |    690 |   2 |  525.5 |
       Dungeon |   1051 |   1011 |     40 |      0 |    690 |   2 |  525.5 |
               +--------+--------+--------+--------+--------+-----+--------+

Top non-repeatable levels by time:
     D:1: 745 daAuts
     D:2: 305 daAuts
